 Dungeon Crawl Stone Soup version 0.28.0-47-ge53b351184 (webtiles) character file.

Game seed: 3655791255401582529

51 GigaChad the Skirmisher (level 3, -2/33 HPs)
             Began as a Minotaur Fighter on May 3, 2022.
             Slain by Robin
             ... wielding a +0 short sword
              (3 damage)
             ... on level 2 of the Dungeon.
             The game lasted 00:02:30 (963 turns).

GigaChad the Skirmisher (Minotaur Fighter)           Turns: 963, Time: 00:02:31

Health: -2/33      AC:  7    Str: 20    XL:     3   Next: 58%
Magic:  11/11      EV:  9    Int:  5    God:
Gold:   27         SH:  4    Dex: 11    Spells: 2/2 levels left

rFire   . . .      SeeInvis .   a - +0 long sword
rCold   . . .      Faith    .   c - +0 buckler
rNeg    . . .      Spirit   .   b - +0 scale mail
rPois   .          Reflect  .   (helmet restricted)
rElec   .          Harm     .   (no cloak)
rCorr   .          Rampage  .   (no gloves)
Will    .....                   (no boots)
Stlth   ..........              (no amulet)
HPRegen 0.11/turn               f - ring of magical power
MPRegen 0.12/turn               (no ring)

@: no status effects
A: horns 2, retaliatory headbutt
a: no special abilities


You were on level 2 of the Dungeon.
You visited 1 branch of the dungeon, and saw 2 of its levels.

You collected 27 gold pieces.

Inventory:

Hand Weapons
 a - a +0 long sword (weapon)
Armour
 b - a +0 scale mail (worn)
 c - a +0 buckler (worn)
Jewellery
 f - a ring of magical power (left hand)
Scrolls
 e - a scroll of holy word {unknown}
 g - 2 scrolls of identify {unknown}
 h - a scroll of fear {unknown}
 i - a scroll of amnesia {unknown}
Potions
 d - a potion of might
 j - a potion of berserk rage {unknown}


   Skills:
 + Level 4.2 Fighting
 + Level 3.2 Long Blades
 + Level 4.2 Armour
 + Level 0.3 Dodging
 + Level 3.9 Shields


You had 2 spell levels left.
You didn't know any spells.
Your spell library was empty.

Dungeon Overview and Level Annotations

Branches:
Dungeon (2/15)

Altars:

Annotations:
D:2 Robin


Innate Abilities, Weirdness & Mutations

You have a pair of horns on your head.
You reflexively headbutt those who attack you in melee.


Message History

The goblin hits you but does no damage.
A goblin comes into view. It is wielding a +0 dagger.
You block the goblin's attack.
You hit the goblin.
The goblin is heavily wounded.
Robin closely misses you. You block the goblin's attack.
You barely miss the goblin.
The goblin is heavily wounded.
The goblin no longer looks unusually strong. x2
Robin hits you with a +0 short sword.
* * * LOW HITPOINT WARNING * * *
The goblin barely misses you.
Robin roars a battlecry!
The goblins go into a battle-frenzy!
You hit the goblin.
You kill the goblin!
Robin roars a battlecry!
Robin hits you but does no damage.
Items here: )) †††.
You slash Robin!
Robin is heavily wounded.
Robin throws the goblin at you!
* * * LOW HITPOINT WARNING * * *
The goblin hits you with a +0 club.
* * * LOW HITPOINT WARNING * * *
You hit Robin.
Robin is severely wounded.
Robin hits you but does no damage. The goblin hits you with a +0 club.
* * * LOW HITPOINT WARNING * * *
Robin throws the goblin at you!
You hit Robin. Your headbutt misses Robin.
Robin is severely wounded.
The goblin closely misses you. The goblin barely misses you.
Robin hits you with a +0 short sword.
* * * LOW HITPOINT WARNING * * *
The goblin hits you but does no damage. The goblin barely misses you.
You hit Robin but do no damage. You headbutt Robin, but do no damage.
Robin is severely wounded.
Robin hits you with a +0 short sword.
You die...

...# #.. ...# #... #...#
#.... ....# #g..#
#...#####.... #.........?
#.#..##g# #...g@gS#
##..g#### #...# #...# ####
#...# ..# #
#######...####### #.# .
##...............######.###.
.....................##.....
##...............#)#........


You could see Robin, a hobgoblin (strong), 2 goblins and a ball python.

Vanquished Creatures
  A gnoll (D:1)
  2 ball pythons (D:1)
  4 endoplasms (D:1)
  7 goblins
  7 hobgoblins
  7 jackals (D:1)
  3 kobolds (D:1)
  2 bats (D:1)
  A frilled lizard (D:1)
  A rat (D:2)
35 creatures vanquished.

Vanquished Creatures (others)
  A fungus (D:2)
1 creature vanquished.

Grand Total: 36 creatures vanquished

Notes
Turn   | Place    | Note
-------+----------+-------------------------------------------
     0 | D:1      | GigaChad the Minotaur Fighter began the quest for the Orb.
     0 | D:1      | Reached XP level 1. HP: 19/19 MP: 0/0
    88 | D:1      | Reached XP level 2. HP: 15/27 MP: 1/1
   527 | D:1      | Reached XP level 3. HP: 30/33 MP: 2/2
   939 | D:2      | Noticed Robin
   962 | D:2      | HP: 1/33 [Robin/+0 short sword (3)]
   963 | D:2      | Slain by Robin

Illustrated notes

Levels and vault maps discovered:
D:1:      psy_arrival_spokes, layout_loops_cross, hex_large
D:2:      layout_loops_cross, basic_altar, shapermc_ecumenical_altar_rom_forum,
          uniq_robin, uniq_natasha

Skill      XL: |  1  2  3 |
---------------+----------+-----
Fighting       | 4 |  4.2
Armour         | 4 |  4.2
Long Blades    | 3 |  3.2
Dodging        | |  0.3
Shields        | |  3.9

Action                   || total
-------------------------++-------
Melee: Long sword        ||    75
       Headbutt          ||     3
Armor: Scale mail        ||    52
Dodge: Dodged            ||    44
Block: Buckler           ||    16
